 Dungeon Crawl Stone Soup version 0.32-a0-685-g93135e86f0 (webtiles) character file.

Game seed: 17147555579093200200

161 Aldia the Apothecary (level 5, -5/34 HPs)
             Began as an Octopode Alchemist on Mar 12, 2024.
             Splashed by a jelly's acid (10 damage)
             ... on level 4 of the Dungeon.
             The game lasted 00:04:07 (1567 turns).

Aldia the Apothecary (Octopode Alchemist)           Turns: 1567, Time: 00:04:08

Health: -5/34      AC: -11   Str:  7    XL:     5   Next: 42%
Magic:  4/9        EV: 13    Int: 19    God:
Gold:   43         SH:  0    Dex: 13    Spells: 3/9 levels left

rFire   . . .        c - +0 dagger
rCold   . . .        (no shield)
rNeg    . . .        (helmet restricted)
rPois   .            (no amulet)
rElec   .            (no ring)
rCorr   .            (no ring)
SInv    .            (no ring)
Will    .....        (no ring)
Stlth   +++          (no ring)
HPRegen 0.25/turn    (no ring)
MPRegen 0.11/turn    (no ring)
                     (no ring)

%: no passive effects
@: corroded, invisible
A: almost no armour, amphibious, 8 rings, camouflage 1, gelatinous body 1,
(nimble swimmer 1), tentacles
a: no special abilities


You were on level 4 of the Dungeon.
You visited 1 branch of the dungeon, and saw 3 of its levels.

You collected 103 gold pieces.
You spent 60 gold pieces at shops.

Inventory:

Hand Weapons
 c - a +0 dagger (weapon)
Scrolls
 b - a scroll of identify
 d - a scroll of enchant armour
 e - a scroll of teleportation
 g - a scroll of blinking {unknown}
Potions
 a - a potion of magic


   Skills:
 + Level 1.8 Fighting
 - Level 2.0 Dodging
 - Level 3.0 Stealth
 + Level 2.8 Spellcasting
 + Level 1.9 Conjurations
 - Level 2.0 Air Magic
 * Level 4.3 Alchemy


You had 3 spell levels left.
You knew the following spells:

 Your Spells              Type           Power      Damage    Failure   Level
a - Sting                 Conj/Alch      56%        1d6       4%          1
b - Mercury Vapours       Alch/Air       28%        N/A       6%          2
c - Mephitic Cloud        Conj/Alch/Air  13%        N/A       16%         3

Your spell library contained the following spells:

 Spells                   Type           Power      Damage    Failure   Level
 Frozen Ramparts          Ice            4%         1d1       43%         3
 Ozocubu's Armour         Ice            2%         N/A       43%         3
 Olgreb's Toxic Radiance  Alch           19%        N/A       26%         4
 Sticky Flame             Fire/Alch      10%        2d5       54%         4
 Metabolic Englaciation   Hex/Ice        1%         N/A       99%         5


Dungeon Overview and Level Annotations

Branches:
Dungeon (2/15)

Altars:

Shops:
D:2 ?


Innate Abilities, Weirdness & Mutations

You cannot wear most types of armour.
You are amphibious.
You can wear up to eight rings at the same time.
Your skin changes colour to match your surroundings (Stealth+).
Your rubbery body absorbs attacks. (AC +1, EV +1)
((You are camouflaged when in or above water. (Stealth+)))
You have tentacles for arms and can constrict up to eight enemies at once.


Message History

Casting: Mercury Vapours (safe; 6% risk of failure)
Confirm with . or Enter, or press ? or * to list all spells.
Aiming: Sting (safe; 4% risk of failure)
Press: ? - help, Shift-Dir - straight line, f/p - jelly
Aim: a jelly (weak, 100% to hit)
The sting hits the jelly.
The jelly is poisoned.
The jelly is lightly wounded.
The jelly misses you.
Unknown command.
Unknown command.
Casting: Sting (safe; 4% risk of failure)
Confirm with . or Enter, or press ? or * to list all spells.
Aiming: Sting (safe; 4% risk of failure)
Press: ? - help, Shift-Dir - straight line, f/p - jelly
Aim: a jelly (lightly wounded, poisoned, weak, 100% to hit)
The sting hits the jelly.
The jelly partially resists.
The jelly looks even sicker.
The jelly is moderately wounded.
The jelly barely misses you.
Unknown command.
Casting: Sting (safe; 4% risk of failure)
Confirm with . or Enter, or press ? or * to list all spells.
Aiming: Sting (safe; 4% risk of failure)
Press: ? - help, Shift-Dir - straight line, f/p - jelly
Aim: a jelly (moderately wounded, very poisoned, weak, 100% to hit)
The sting hits the jelly.
The jelly partially resists.
The jelly looks even sicker.
The jelly is heavily wounded.
The jelly hits you.
You are splashed with acid!
* * * LOW HITPOINT WARNING * * *
Unknown command.
You fade into invisibility!
The jelly closely misses you.
You hit the jelly. The acid corrodes you!
Your tentacles burn!
* * * LOW HITPOINT WARNING * * *
The jelly is almost dead.
The jelly hits you.
* * * LOW HITPOINT WARNING * * *
The acid corrodes you!
You are splashed with acid!
You die...

#.#.#(#.#.###.#
###...#.#...###.#
. . ###...###....#
..#.#[#.#.#)#.#..#
..##.#.#†##....#
###..#.#)#..###.#
#?..#.#.#.#..$#.#
###.J#.#.#..###.#
.##@#.#.##....# #
#.#.#J#$#.#..#
###...###.. .#
.#.#.. ## # ?#.#.#
## . # ..


You could see a jelly (very poisoned, weak).

Vanquished Creatures
  A hound (D:4)
  2 bombardier beetles (D:4)
  Natasha (D:2)
  An adder (D:4)
  2 ball pythons (D:4)
  6 endoplasms
  2 hobgoblins
  6 jackals (D:1)
  2 quokkas (D:1)
  2 bats (D:1)
  2 frilled lizards (D:1)
  4 goblins
  4 kobolds
  6 rats
41 creatures vanquished.

Notes
Turn   | Place    | Note
-------+----------+-------------------------------------------
     0 | D:1      | Aldia the Octopode Alchemist began the quest for the Orb.
     0 | D:1      | Reached XP level 1. HP: 11/11 MP: 3/3
   226 | D:1      | Reached XP level 2. HP: 14/17 MP: 5/5
   237 | D:1      | Learned a level 2 spell: Mercury Vapours
   710 | D:1      | Reached XP level 3. HP: 22/22 MP: 6/6
   714 | D:1      | Learned a level 3 spell: Mephitic Cloud
  1158 | D:2      | Reached skill level 1 in Air Magic
  1201 | D:2      | Identified the +0 dagger "Mostranu" {drain, rPois rF+ Will+
                  | Int-3}
  1242 | D:2      | Found Weath's Magic Scroll Shoppe.
  1249 | D:2      | Bought a scroll of identify for 24 gold pieces
  1249 | D:2      | Bought a scroll of teleportation for 36 gold pieces
  1305 | D:2      | Noticed Natasha
  1315 | D:2      | Killed Natasha
  1316 | D:2      | Reached skill level 1 in Fighting
  1361 | D:2      | You fall into a shaft and drop 2 floors!
  1373 | D:4      | Reached skill level 4 in Alchemy
  1373 | D:4      | Reached XP level 4. HP: 23/28 MP: 7/7
  1499 | D:4      | Reached XP level 5. HP: 33/33 MP: 2/9
  1567 | D:4      | Splashed by a jelly's acid

Illustrated notes

Levels and vault maps discovered:
D:1:      onia_arrival_mini_maze, layout_basic, st_stairs_5
D:2:      layout_loops_ring, serial_shops, shop, shop, nrook_loot_triangle,
          kennysheep_doodads, uniq_natasha
D:4:      layout_rooms, serial_curves, eino_curves_02, eino_curves_03,
          minmay_starry_boxes, uniq_duvessa

Skill      XL: |  1  2  3  4  5 |
---------------+----------------+-----
Stealth        | 3 |  3.0
Air Magic      | 1 2 |  2.0
Fighting       | 1 |  1.8
Alchemy        | 4 |  4.3
Dodging        | |  2.0
Spellcasting   | |  2.8
Conjurations   | |  1.9

Action                     |  1- 3 |  4- 6 || total
---------------------------+-------+-------++-------
  Melee: Club              |     4 |       ||     4
         Dagger            |    52 |    11 ||    63
         Constrict         |    11 |     3 ||    14
         Tentacles         |    10 |     2 ||    12
   Cast: Sting             |    13 |    13 ||    26
         Mercury Vapours   |       |     2 ||     2
    Use: Scroll            |     2 |       ||     2
         Potion            |       |     1 ||     1
   Stab: Sleeping          |     8 |       ||     8
 Armour: Skin              |    29 |    11 ||    40
  Dodge: Dodged            |    32 |    12 ||    44

Table legend: (Time is in decaauts)
 A = Elapsed time spent in this place.
 B = Non-inter-level travel time spent in this place.
 C = Inter-level travel time spent in this place.
 D = Time resting spent in this place.
 E = Time spent auto-exploring this place.
 F = Levels seen in this place.
 G = Mean time per level.
                   A        B        C        D        E       F      G
               +--------+--------+--------+--------+--------+-----+--------+
         Total |   1566 |   1540 |     26 |     35 |   1207 |   3 |  522.0 |
       Dungeon |   1566 |   1540 |     26 |     35 |   1207 |   3 |  522.0 |
               +--------+--------+--------+--------+--------+-----+--------+

Top non-repeatable levels by time:
     D:1: 1140 daAuts
     D:2: 220 daAuts
     D:4: 205 daAuts
